 Dungeon Crawl Stone Soup version 0.21.1-1-g345015fe64 (webtiles) character file.

394 Kjetter the Poker (level 7, -3/51 HPs)
             Began as a Human Gladiator on Mar 2, 2018.
             Killed by divine providence
             ... invoked by an orc priest
              (12 damage)
             ... on level 3 of the Dungeon.
             The game lasted 00:09:21 (2515 turns).

Kjetter the Poker (Human Gladiator)                 Turns: 2515, Time: 00:09:22

Health: -3/51      AC:  6    Str: 14    XL:     7   Next: 8%
Magic:  7/7        EV: 12    Int:  9    God:
Gold:   106        SH:  0    Dex: 16    Spells: 6/6 levels left

rFire    . . .     SeeInvis .   a - +0 trident
rCold    . . .     Gourm    .   (no shield)
rNeg     . . .     Faith    .   i - +0 ring mail
rPois    .         Spirit   .   c - +0 helmet
rElec    .         Reflect  .   (no cloak)
rCorr    .         Harm     .   (no gloves)
MR       .....                  (no boots)
Stlth    +.........             (no amulet)
HPRegen  0.17/turn              (no ring)
MPRegen  0.10/turn              (no ring)

@: no status effects
A: no striking features
a: no special abilities


You were on level 3 of the Dungeon.
You were not hungry.

You visited 1 branch of the dungeon, and saw 3 of its levels.

You collected 106 gold pieces.

Inventory:

Hand Weapons
 a - a +0 trident (weapon)
Missiles
 d - 3 throwing nets
 g - 11 tomahawks (quivered)
 j - 70 stones
Armour
 b - a +0 leather armour
 c - a +0 helmet (worn)
 i - a +0 ring mail (worn)
Scrolls
 k - 2 scrolls of enchant armour {unknown}
 n - 2 scrolls of remove curse {unknown}
 o - a scroll of amnesia {unknown}
 p - 2 scrolls of identify {unknown}
 q - a scroll of magic mapping {unknown}
 r - a scroll of random uselessness {unknown}
 s - a scroll of fog {unknown}
 t - a scroll of teleportation {unknown}
Potions
 e - a potion of might {unknown}
 h - a potion of curing {unknown}
 l - a potion of magic {unknown}
 m - a potion of haste
 u - a potion of mutation {unknown}
Comestibles
 f - 8 rations
 v - 2 chunks of flesh


   Skills:
 + Level 2.6 Fighting
 + Level 5.0 Polearms
 + Level 3.8 Throwing
 + Level 2.1 Armour
 + Level 3.8 Dodging
 + Level 0.8 Stealth


You had 6 spell levels left.
You didn't know any spells.

Dungeon Overview and Level Annotations

Branches:
Dungeon (3/15)

Altars:
Nemelex Xobeh

Annotations:
D:3 FortKnight's ghost, amateur GrFi; Ijyb


Message History

There is an open door here.
You closely miss the orc. The orc completely misses you.
The orc priest looks braver for a moment.
You hear some strange, mumbled words.
Something tries to affect you, but you resist.
A magic dart appears from out of thin air!
The magic dart hits you!
The orc priest calls down the wrath of Beogh upon you.
Beogh smites you!
FortKnight's ghost says very slowly, "There's no hope."
You closely miss FortKnight's ghost.
An orc wizard appears from thin air!
Reactivating autopickup.
FortKnight's ghost hits you!
The orc priest calls upon Beogh to heal the orc wizard.
The orc wizard is healed somewhat.
The orc hits you but does no damage.
You barely miss FortKnight's ghost. FortKnight's ghost hits you!
* * * LOW HITPOINT WARNING * * *
The orc priest mumbles some strange prayers to Beogh against you.
Beogh smites you!
You die...

######### #.......######## #####
#+## #.......##.....# #.... ...#
#.......##.....# #.###
...#######....go.##.....#####.###
...'.....o.....o@W'..............
...#.......†.....##....)......###
#+##.............##...........# #
#.......########.....#####.# #
######### ######.....# #.# #
.........#######.# ...
..............##.# ####
.......#......##.### #
######.#......##.#..


You could see an orc priest, an orc wizard, FortKnight's ghost, an orc and a
goblin.

Vanquished Creatures
  Grinder (D:3)
  Sigmund (D:2)
  2 adders (D:3)
  A worm (D:2)
  2 ball pythons (D:2)
  3 giant cockroaches (D:2)
  3 goblins
  7 hobgoblins
  3 bats (D:1)
  2 frilled lizards
  3 kobolds
  6 rats
34 creatures vanquished.

Notes
Turn   | Place    | Note
-------+----------+-------------------------------------------
     0 | D:1      | Kjetter the Human Gladiator began the quest for the Orb.
     0 | D:1      | Reached XP level 1. HP: 16/16 MP: 1/1
   140 | D:1      | Reached XP level 2. HP: 22/22 MP: 2/2
   840 | D:2      | Reached XP level 3. HP: 27/27 MP: 3/3
   905 | D:2      | Noticed Sigmund
   913 | D:2      | Killed Sigmund
   913 | D:2      | Reached skill level 4 in Polearms
   913 | D:2      | Reached XP level 4. HP: 8/33 MP: 4/4
   913 | D:2      | Reached XP level 5. HP: 10/38 MP: 5/5
  2055 | D:3      | Found a sparkling altar of Nemelex Xobeh.
  2056 | D:3      | Noticed Ijyb
  2057 | D:3      | Noticed FortKnight's ghost (amateur GrFi)
  2290 | D:3      | Noticed Grinder
  2313 | D:3      | Killed Grinder
  2313 | D:3      | Reached skill level 5 in Polearms
  2313 | D:3      | Reached XP level 6. HP: 16/46 MP: 6/6
  2313 | D:3      | Reached XP level 7. HP: 17/51 MP: 7/7
  2515 | D:3      | Killed from afar by an orc priest

Skill      XL: |  1  2  3  4  5 |
---------------+----------------+-----
Polearms       | 4 5 |  5.0
Throwing       | 3 |  3.8
Armour         | 2 |  2.1
Fighting       | |  2.6
Dodging        | |  3.8
Stealth        | |  0.8

Action                   |  1- 3 |  4- 6 |  7- 9 || total
-------------------------+-------+-------+-------++-------
Melee: Trident           |    34 |    36 |    29 ||    99
Throw: Tomahawk          |    15 |       |     2 ||    17
       Stone             |    12 |    21 |     3 ||    36
       Throwing net      |     3 |     2 |       ||     5
  Use: Potion            |       |     2 |       ||     2
 Stab: Sleeping          |     1 |       |       ||     1
  Eat: Chunk             |       |     3 |       ||     3
       Ration            |       |       |     1 ||     1
Armor: Ring mail         |     3 |    12 |     9 ||    24
Dodge: Dodged            |     8 |     9 |    18 ||    35
